AoeStats
← matthieu.bonnefont

Arabia

508936156Analyzed
1v1 RM · 8d ago on Sep 24, 2026· 44m 38s· 2 players
Game mode
Random Map
Map size
Tiny (2 player)
Population
200
Speed
Normal
Resources
Standard
Victory
Conquest
Starting age
Dark Age
Ending age
Imperial Age
RankedLock teamsTeams togetherTeam positionsShared explorationLock speedFull tech treeHidden civsTurbo modeCheats
Victory
Defeat
🇦🇺 Khmer · Australia
758
+14
🇫🇷 Cumans · France
720
-14
matthieu.bonnefont
1:26 Loom
12:04 Feudal Age
13:57 Wheelbarrow
15:46 Double-Bit Axe
15:43 Horse Collar
24:05 Castle Age
22:23 Padded Archer Armor
25:39 Hand Cart
27:02 Bow Saw
27:28 Forging
30:11 Scale Barding Armor
30:07 Scale Mail Armor
30:23 Leather Archer Armor
33:53 Iron Casting
33:34 Chain Mail Armor
33:39 Chain Barding Armor
33:10 Fletching
33:21 Gold Mining
35:04 Elite Skirmisher
35:51 Thumb Ring
35:15 Pikeman
35:56 Squires
38:26 Bodkin Arrow
41:32 Heavy Plow
ManiacK Fiend
8:04 Loom
10:41 Feudal Age
11:16 Double-Bit Axe
11:13 Horse Collar
15:15 Gold Mining
20:54 Castle Age
21:15 Padded Archer Armor
21:07 Fletching
22:57 Wheelbarrow
22:38 Bow Saw
21:54 Light Cavalry
22:45 Bloodlines
22:53 Crossbowman
26:05 Bloodlines
30:06 Leather Archer Armor
29:47 Bodkin Arrow
29:48 Pikeman
34:44 Hand Cart
39:31 Imperial Age
40:31 Arbalester
Connection lost

Rejoining the realm…

Still unreachable

The connection could not be restored.

Session expired

The server has moved on; the page needs a fresh start.